 Dungeon Crawl Stone Soup version 0.30-a0-757-ga6a79fd877 (webtiles) character file.

Game seed: 17850813620485939467

6447 AzureAlchemist the Destroyer (level 10, 0/35 HPs)
             Began as a Tengu Air Elementalist on Feb 9, 2023.
             Was a Plaything of Xom.
             Slain by a wolf (7 damage)
             ... on level 10 of the Dungeon.
             The game lasted 00:40:47 (11922 turns).

AzureAlchemist the Destroyer (TeAE)                Turns: 11922, Time: 00:40:47

Health: 0/35       AC:  9    Str: 10    XL:     10   Next: 99%
Magic:  21/30      EV: 21    Int: 19    God:    Xom [..*...]
Gold:   483        SH:  0    Dex: 24    Spells: 8/23 levels left

rFire   + . .      SeeInvis .    a - +5 dagger (distort)
rCold   . . .      Faith    .    (no shield)
rNeg    . . .      Spirit   .    y - +5 robe "Linaj" {rElec Dex+2}
rPois   .          Reflect  .    (helmet restricted)
rElec   +          Harm     .    (no cloak)
rCorr   .          Rampage  .    o - +1 pair of gloves
Will    +....                    (boots unavailable)
Stlth   ++++                     N - amulet of regeneration
HPRegen 1.05/turn                t - +6 ring of dexterity
MPRegen 0.22/turn                d - ring "Temaimp" {Will+ MP+9 Str+2 Stlth+}

@: flying quickly and evasively, quick
A: beak, talons 3, nimble flight, fire resistance 1, frail 3
a: Renounce Religion


You were on level 10 of the Dungeon.
You worshipped Xom.
You were a toy of Xom.
You visited 2 branches of the dungeon, and saw 11 of its levels.

You collected 654 gold pieces.
You spent 171 gold pieces at shops.

Inventory:

Hand Weapons
 a - a +5 dagger of distortion (weapon)
Missiles
 c - 2 curare-tipped darts
 M - a throwing net
Armour
 o - a +1 pair of gloves (worn)
 y - the +5 robe "Linaj" (worn) {rElec Dex+2}
   (You bought it in a shop on level 1 of the Dungeon)

   Dex:       It affects your dexterity (+2).
   rElec:     It insulates you from electricity.
Jewellery
 d - the ring "Temaimp" (right hand) {Will+ MP+9 Str+2 Stlth+}
   (You acquired it on level 7 of the Dungeon)

   [ring of willpower]

   Str:       It affects your strength (+2).
   MP:        It affects your magic capacity (+9).
   Will:      It increases your willpower.
   Stlth:     It makes you more stealthy.
 t - a +6 ring of dexterity (left hand)
 I - a ring of ice
 N - an amulet of regeneration (around neck)
Wands
 u - a wand of charming (21)
 w - a wand of mindburst (12)
 G - a wand of iceblast (10)
 H - a wand of flame (8)
Scrolls
 m - 2 scrolls of blinking
 n - 2 scrolls of teleportation
 q - 2 scrolls of silence
 s - 4 scrolls of immolation
Potions
 b - a potion of magic
 e - 2 potions of flight
 f - 4 potions of lignification
 g - 2 potions of might
 h - a potion of mutation {unknown}
 j - 2 potions of attraction {unknown}
 k - 2 potions of berserk rage
 r - 4 potions of haste
 v - 3 potions of curing {unknown}
 x - a potion of degeneration {unknown}
 z - a potion of ambrosia {unknown}
 E - a potion of cancellation {unknown}
 F - 2 potions of resistance {unknown}
 J - 2 potions of invisibility {unknown}
 L - 2 potions of brilliance {unknown}


   Skills:
 + Level 3.6 Short Blades
 - Level 7.4 Dodging
 - Level 2.0 Stealth
 - Level 7.0 Spellcasting
 - Level 12.0 Conjurations
 + Level 11.9 Air Magic


You had 8 spell levels left.
You knew the following spells:

 Your Spells              Type           Power      Damage    Failure   Level
a - Shock                 Conj/Air       100%       1d9       1%          1
b - Static Discharge      Conj/Air       100%       2-7/arc   1%          2
c - Swiftness             Air            51%        N/A       1%          3
d - Airstrike             Air            25%        2d(4-20)  1%          4
e - Lightning Bolt        Conj/Air       25%        1d41      1%          5

Your spell library contained the following spells:

 Spells                   Type           Power      Damage    Failure   Level
 Arcjolt                  Conj/Air       25%        1d35      1%          5
 Vhi's Electric Charge    Tloc/Air       58%        N/A       2%          3
 Kindle Blastsparks       Fire/Tloc/Air  42%        2d13      6%          3
 Fulminant Prism          Conj/Hex       14%        3d9       9%          4
 Iskenderun's Mystic Bla  Conj/Tloc      29%        2d7       9%          4
 Slow                     Hex            24%        N/A       10%         1
 Confusing Touch          Hex            6%         N/A       30%         3
 Gell's Gravitas          Tloc           6%         N/A       30%         3
 Portal Projectile        Hex/Tloc       12%        N/A       30%         3
 Teleport Other           Tloc           6%         N/A       30%         3
 Tukima's Dance           Hex            6%         N/A       30%         3
 Vampiric Draining        Necr           6%         2d6       30%         3
 Blade Hands              Tmut           3%         N/A       95%         5
 Lee's Rapid Deconstruct  Erth           3%         3d5*      95%         5
 Yara's Violent Unravell  Hex/Tmut       3%         3d4       95%         5
 Dispersal                Tloc           3%         N/A       100%        6
 Enfeeble                 Hex            3%         N/A       100%        7


Dungeon Overview and Level Annotations

Branches:
Dungeon (10/15)            Temple (0/1) D:7            Lair (1/5) D:10
    Orc (0/2) D:10

Altars:
Kikubaaqudgha
Okawaru
Ru
Uskayaw
Wu Jian
Xom
Zin

Shops:
D:1 [*


Innate Abilities, Weirdness & Mutations

You have a beak for a mouth.
You have claws for feet.
Your magical nature lets you fly swiftly and evasively.
Your flesh is heat resistant. (rF+)
You are extremely frail. (-30% HP)


Message History

The plant is lightly damaged.
The plant is struck by an arc of lightning.
The plant is lightly damaged.
The plant is struck by an arc of lightning.
The plant is lightly damaged.
The lightning grounds out.
The plant is struck by an arc of lightning.
The plant is lightly damaged.
You resist.
You are struck by an arc of lightning.
* * * LOW HITPOINT WARNING * * *
The plant is struck by an arc of lightning.
The plant is lightly damaged.
The lightning grounds out.
The wolf is struck by an arc of lightning.
The wolf resists.
The wolf is moderately wounded.
You resist.
You are struck by an arc of lightning.
A nearby plant withers and dies. x3; The wolf bites you but does no damage. x2
The wolf closely misses you. The wolf misses you. x2
The wolf completely misses you.
Casting: Static Discharge (safe; 1% risk of failure)
Confirm with . or Enter, or press ? or * to list all spells.
The wolf is struck by an arc of lightning!
The wolf is heavily wounded.
You resist.
You are struck by an arc of lightning.
* * * LOW HITPOINT WARNING * * *
The wolf is struck by an arc of lightning!
The wolf resists.
The wolf is moderately wounded.
The lightning grounds out.
The plant is struck by an arc of lightning!
The plant is lightly damaged.
The plant is struck by an arc of lightning.
The plant is lightly damaged.
The lightning grounds out.
A nearby plant withers and dies. x3
The wolf completely misses you. The wolf bites you.
* * * LOW HITPOINT WARNING * * *
The wolf misses you. The wolf bites you!
You die...
Xom titters!

.......###............# #.######
####..+#.##..# ..# #...........#
.## #....###....# .#
#.#...≈...#.# ## ##..#...#..##
###### #.##...##.# .....#
#.....h...# .....#####
#≈..h@...≈#
.....'...###...Ph....#
.....###..+#.##...##.# .....#
#####..#...#..## .....#
#.#...≈...#.# ######
#....###....# ..######
#...........#
.......#####..#########
.......##.............###########


You could see 3 wolves.

Vanquished Creatures
  An oklob plant (D:10)
  Psyche (D:10)
  A troll (D:8)
  Grinder (D:7)
  A wind drake (D:10)
  A wyvern (D:9)
  8 yaks
  A steam dragon (D:7)
  Edmund (D:4)
  3 water moccasins
  Duvessa (D:7)
  A black bear (D:5)
  5 orc warriors
  A sky beast (D:7)
  An ice beast (D:8)
  2 wolves (Lair:1)
  3 ogres
  2 centaurs
  A phantom (D:4)
  A bullfrog (D:6)
  2 kobold brigands
  A gnoll sergeant (D:9)
  2 necrophages
  A scorpion (D:5)
  3 wights (D:6)
  Dowan (D:7)
  2 hounds
  8 orc priests
  A gnoll bouda (D:9)
  Ijyb (D:4)
  2 iguanas
  9 orc wizards
  Robin (D:3)
  16 gnolls
  7 adders
  2 worms (D:2)
  3 dart slugs
  34 orcs
  7 endoplasms
  4 giant cockroaches
  16 goblins
  8 hobgoblins
  10 jackals
  6 quokkas
  3 ball pythons
  5 bats
  4 frilled lizards
  13 kobolds
  9 rats
218 creatures vanquished.

Vanquished Creatures (others)
  An orc priest (D:8)
  11 plants (D:10)
12 creatures vanquished.

Grand Total: 230 creatures vanquished

Notes
Turn   | Place    | Note
-------+----------+-------------------------------------------
     0 | D:1      | AzureAlchemist the Tengu Air Elementalist began the quest
                  | for the Orb.
     0 | D:1      | Reached XP level 1. HP: 10/10 MP: 4/4
   118 | D:1      | Reached skill level 2 in Conjurations
   351 | D:1      | Reached XP level 2. HP: 15/15 MP: 3/6
   533 | D:1      | Learned a level 2 spell: Static Discharge
   682 | D:1      | Found Roigalou's Antique Armour Boutique.
   880 | D:1      | Found Zeityoh's Assorted Antiques.
  1250 | D:1      | Reached XP level 3. HP: 19/19 MP: 4/8
  1254 | D:1      | Learned a level 3 spell: Swiftness
  1820 | D:2      | Reached skill level 5 in Air Magic
  2003 | D:2      | Reached XP level 4. HP: 24/24 MP: 4/9
  2362 | D:3      | Learned a level 4 spell: Airstrike
  2479 | D:3      | Noticed Robin
  2484 | D:3      | Gained mutation: Your magical nature lets you fly swiftly
                  | and evasively. [Tengu growth]
  2484 | D:3      | Reached XP level 5. HP: 26/28 MP: 6/11
  2484 | D:3      | Killed Robin
  2845 | D:3      | Identified the +6 hand axe of Evocvoem {flame, +Blink rF-
                  | rN++ Int-5}
  2891 | D:3      | Found a hide-covered altar of Uskayaw.
  2900 | D:3      | Found an ancient bone altar of Kikubaaqudgha.
  3092 | D:3      | Found a faded altar of an unknown god.
  3425 | D:4      | Noticed an ogre
  3425 | D:4      | Noticed a phantom
  3437 | D:4      | Killed an ogre
  3438 | D:4      | Reached XP level 6. HP: 32/32 MP: 6/12
  3749 | D:4      | Noticed Ijyb
  3750 | D:4      | Killed Ijyb
  3842 | D:4      | Noticed Edmund
  3856 | D:4      | Killed Edmund
  3857 | D:4      | Reached XP level 7. HP: 36/36 MP: 0/13
  4134 | D:5      | Entered Level 5 of the Dungeon
  4365 | D:5      | Reached skill level 5 in Spellcasting
  4703 | D:1      | Bought a shimmering robe for 171 gold pieces
  4703 | D:1      | Identified the +5 robe "Linaj" {rElec Dex+2} (You bought it
                  | in a shop on level 1 of the Dungeon)
  4952 | D:5      | Reached XP level 8. HP: 24/41 MP: 5/17
  5256 | D:5      | Found a shimmering altar of Xom.
  5257 | D:5      | Found an ornate altar of the Wu Jian Council.
  5264 | D:5      | Became a worshipper of Xom of Chaos
  5426 | D:5      | XOM: divination: detect items
  5538 | D:6      | You are sucked into a shaft and drop 1 floor!
  5712 | D:7      | Identified a scroll of acquirement
  5712 | D:7      | Acquired the ring "Temaimp" {Will+ MP+9 Str+2 Stlth+}
  5961 | D:7      | Noticed Duvessa
  5963 | D:7      | Noticed Dowan
  5964 | D:7      | Killed Duvessa
  5990 | D:7      | XOM: noise
  5995 | D:7      | Killed Dowan
  5996 | D:7      | Reached skill level 5 in Dodging
  6118 | D:7      | Found a staircase to the Ecumenical Temple.
  6212 | D:6      | XOM: butterfly on damage
  6222 | D:6      | Noticed Grinder
  6279 | D:6      | XOM: divination: detect items
  6287 | D:7      | XOM: divination: detect items
  6289 | D:7      | XOM: cast spell 'Summon Small Mammal'
  6294 | D:7      | Killed Grinder
  6295 | D:7      | Reached XP level 9. HP: 25/45 MP: 14/20
  6498 | D:7      | XOM is BORED!
  6498 | D:7      | XOM: give mutations
  6498 | D:7      | Gained mutation: You are frail. (-10% HP) [Xom's mischief]
  6498 | D:7      | Gained mutation: Your flesh is heat resistant. (rF+) [Xom's
                  | mischief]
  6506 | D:7      | XOM: give mutations
  6506 | D:7      | Gained mutation: You are very frail. (-20% HP) [Xom's
                  | mischief]
  6506 | D:7      | Gained mutation: You are extremely frail. (-30% HP) [Xom's
                  | mischief]
  6783 | D:7      | XOM is BORED!
  7184 | D:6      | Reached skill level 10 in Air Magic
  7250 | D:6      | Found an iron altar of Okawaru.
  7386 | D:6      | XOM: silly message
  7426 | D:6      | Learned a level 5 spell: Lightning Bolt
  7550 | D:6      | Reached skill level 3 in Conjurations
  7584 | D:6      | XOM: scenery: create altars
  7888 | D:8      | Reached skill level 4 in Conjurations
  7986 | D:8      | Reached skill level 5 in Conjurations
  8141 | D:8      | XOM: 4-stop teleportation journey
  8148 | D:8      | XOM: potion effect (brilliance)
  8175 | D:7      | XOM: noise
  8650 | D:8      | XOM: silly message
  8716 | D:8      | Reached skill level 6 in Conjurations
  8743 | D:8      | Reached skill level 7 in Conjurations
  8746 | D:8      | Noticed a troll
  8757 | D:8      | Killed a troll
  8758 | D:8      | Reached skill level 8 in Conjurations
  9166 | D:9      | Reached XP level 10. HP: 35/35 MP: 21/21
  9270 | D:9      | XOM: silly message
  9389 | D:9      | Reached skill level 9 in Conjurations
  9578 | D:9      | Reached skill level 10 in Conjurations
  9941 | D:9      | XOM is BORED!
  9941 | D:9      | XOM: summons 2 hostile shadow creatures
  9944 | D:9      | Paralysed by a hornet for 1 turns
  9950 | D:9      | Reached skill level 11 in Conjurations
  9965 | D:9      | XOM: divination: detect items
 10176 | D:10     | Entered Level 10 of the Dungeon
 10202 | D:10     | Found a staircase to the Lair.
 10204 | D:10     | Noticed an oklob plant
 10245 | D:10     | Noticed Psyche
 10250 | D:10     | XOM: stat loss: -1 Str (9/10)
 10512 | D:10     | Killed Psyche
 10616 | D:10     | Found a sacrificial altar of Ru.
 10617 | D:10     | Found a glowing silver altar of Zin.
 10679 | D:10     | Found a staircase to the Orcish Mines.
 10719 | D:10     | XOM: smoke on damage
 10927 | D:10     | XOM: polymorph yak -> wind drake
 10927 | D:10     | XOM: smoke on damage
 10930 | D:10     | XOM: confusion
 10935 | D:10     | XOM: cast spell 'Alistair's Intoxication'
 10942 | D:10     | Reached skill level 1 in Short Blades
 10957 | D:10     | XOM: divination: magic mapping
 11490 | D:10     | XOM: 3-stop teleportation journey
 11545 | D:10     | XOM: butterfly on damage
 11605 | D:10     | Reached skill level 12 in Conjurations
 11691 | D:10     | XOM: butterfly on damage
 11692 | D:10     | Killed an oklob plant
 11843 | Lair:1   | Entered Level 1 of the Lair of Beasts
 11915 | Lair:1   | Noticed a cane toad
 11915 | Lair:1   | XOM: enchant monster (bad)
 11922 | D:10     | Slain by a wolf

Illustrated notes

Levels and vault maps discovered:
D:1:      dpeg_arrival_signposts, layout_basic, serial_shops, shop,
          nicolae_lakefront_shop
D:2:      layout_rooms, minmay_unequal
D:3:      layout_rooms, mainiacjoe_overflow_swirl,
          hellmonk_ecumenical_altar_inner_sanctum, grunt_decor_mini_mirrors,
          uniq_robin
D:4:      layout_gridville, uniq_edmund, uniq_ijyb
D:5:      layout_loops_ring, nicolae_overflow_two_pavilions
D:6:      layout_loops_cross, okawaru_trees_2, uniq_grinder
D:7:      layout_basic, temple_fountains, uniq_duvessa
D:8:      layout_layer_cave, bh_walls_and_bars
D:9:      layout_roguey, hangedman_abyss_or_decor_stabs
D:10:     layout_roguey, grunt_temple_overflow_open, dpeg_oklobed_lair,
          orc_0_dummy, patterned_corridor, uniq_psyche
Lair:1:   layout_regular_city

Skill      XL: |  1  2  3  4  5  6  7  8  9 10 |
---------------+-------------------------------+-----
Conjurations   | 2 8 12 | 12.0
Spellcasting   | 3 5 7 |  7.0
Air Magic      | 5 7 9 10 11 | 11.9
Dodging        | 6 7 |  7.4
Short Blades   | 3 |  3.6
Stealth        | |  2.0

Action                     |  1- 3 |  4- 6 |  7- 9 | 10-12 || total
---------------------------+-------+-------+-------+-------++-------
  Melee: Dagger            |       |       |    22 |    41 ||    63
         Kick              |       |       |    13 |    11 ||    24
         Peck              |       |       |     8 |     7 ||    15
         Spear             |       |       |     4 |       ||     4
   Cast: Shock             |    87 |    75 |   107 |    16 ||   285
         Airstrike         |       |     7 |    53 |    19 ||    79
         Swiftness         |       |       |     1 |     3 ||     4
         Lightning Bolt    |       |       |     3 |    22 ||    25
         Static Discharge  |       |       |     1 |     7 ||     8
  Evoke: Wand              |       |       |     2 |       ||     2
    Use: Scroll            |       |       |     6 |    18 ||    24
         Potion            |       |       |       |     3 ||     3
 Armour: Robe              |       |     5 |    14 |    21 ||    40
  Dodge: Dodged            |    18 |     5 |    66 |    75 ||   164
  Block: Other             |       |       |       |     1 ||     1

Table legend: (Time is in decaauts)
 A = Elapsed time spent in this place.
 B = Non-inter-level travel time spent in this place.
 C = Inter-level travel time spent in this place.
 D = Time resting spent in this place.
 E = Time spent auto-exploring this place.
 F = Levels seen in this place.
 G = Mean time per level.
                   A        B        C        D        E       F      G
               +--------+--------+--------+--------+--------+-----+--------+
         Total |  11399 |  10796 |    603 |   1041 |   8406 |  11 | 1036.3 |
       Dungeon |  11391 |  10789 |    602 |   1041 |   8406 |  10 | 1139.1 |
          Lair |      8 |      8 |      0 |      0 |      0 |   1 |    8.0 |
               +--------+--------+--------+--------+--------+-----+--------+

Top non-repeatable levels by time:
     D:7: 1464 daAuts
     D:1: 1407 daAuts
    D:10: 1316 daAuts
     D:9: 1271 daAuts
     D:5: 1142 daAuts
     D:8: 1125 daAuts
     D:2: 1006 daAuts
     D:3: 925 daAuts
     D:4: 875 daAuts
     D:6: 857 daAuts
  Lair:1: 8 daAuts
